 Dungeon Crawl Stone Soup version 0.27-a0-522-g46bbb28828 (webtiles) character file.

Game seed: 977527595639571999

611 kae the Cleaver (level 7, -4/64 HPs)
             Began as a Hill Orc Fighter on Mar 4, 2021.
             Slain by an ogre
             ... wielding a +0 giant club
              (27 damage)
             ... on level 4 of the Dungeon.
             The game lasted 00:01:38 (3763 turns).

kae the Cleaver (Hill Orc Fighter)                  Turns: 3763, Time: 00:01:39

Health: -4/64      AC:  8    Str: 21    XL:     7   Next: 44%
Magic:  7/7        EV:  7    Int:  8    God:
Gold:   120        SH:  9    Dex: 10    Spells: 6/6 levels left

rFire    . . .     SeeInvis .   a - +0 war axe
rCold    . . .     Faith    .   c - +0 kite shield
rNeg     . . .     Spirit   .   b - +0 scale mail
rPois    .         Reflect  .   r - +0 helmet
rElec    .         Harm     .   (no cloak)
rCorr    .         Rampage  .   (no gloves)
Will     .....                  (no boots)
Stlth    ..........             (no amulet)
HPRegen  0.20/turn              (no ring)
MPRegen  0.10/turn              (no ring)

@: no status effects
A: no striking features
a: no special abilities


You were on level 4 of the Dungeon.
You visited 1 branch of the dungeon, and saw 4 of its levels.

You collected 120 gold pieces.

Inventory:

Hand Weapons
 a - a +0 war axe (weapon)
Armour
 b - a +0 scale mail (worn)
 c - a +0 kite shield (worn)
 r - a +0 helmet (worn)
Jewellery
 h - a +6 ring of intelligence
 k - a ring of fire
 u - a ring of ice
Wands
 o - a wand of acid (6)
Scrolls
 e - a scroll of fear {unknown}
 f - 3 scrolls of teleportation {unknown}
 g - 4 scrolls of identify {unknown}
 i - 3 scrolls of magic mapping {unknown}
 j - a scroll of blinking {unknown}
 m - a scroll of amnesia {unknown}
 p - 2 scrolls of enchant weapon {unknown}
 s - a scroll of noise {unknown}
Potions
 d - 2 potions of might
 l - a potion of haste {unknown}
 n - a potion of cancellation {unknown}
 q - 2 potions of flight {unknown}
 t - a potion of resistance {unknown}
 v - a potion of ambrosia {unknown}
 w - 2 potions of curing


   Skills:
 + Level 6.4 Fighting
 * Level 8.8 Axes
 - Level 3.2 Armour
 - Level 3.2 Shields


You had 6 spell levels left.
You didn't know any spells.
Your spell library contained the following spells:

 Spells                   Type           Power        Failure   Level
 Magic Dart               Conj           0%           99%         1
 Blink                    Tloc           N/A          100%        2
 Call Imp                 Summ           0%           100%        2
 Slow                     Hex            0%           100%        2
 Conjure Flame            Conj/Fire      0%           100%        3
 Mephitic Cloud           Conj/Pois/Air  0%           100%        3


Dungeon Overview and Level Annotations

Branches:
Dungeon (4/15)
 Temple: D:4-7

Altars:
Cheibriados
Kikubaaqudgha
Ru
Uskayaw
Yredelemnul


Message History

The adder is heavily wounded.
The adder bites you. The adder bites you but does no damage.
You miss the adder.
The adder is heavily wounded.
You block the adder's attack. The adder bites you but does no damage.
There are monsters nearby!
You closely miss the adder.
The adder is heavily wounded.
You block the adder's attack.
You closely miss the adder.
The adder is heavily wounded.
The adder bites you but does no damage. The adder closely misses you.
Your shield prevents you from hitting the adder.
The adder is moderately wounded.
You barely miss the ogre. The adder bites you but does no damage.
The ogre hits you with a +0 giant club! You block the adder's attack.
The ogre hits you with a +0 giant club.
You are too injured to fight recklessly!
You are too injured to fight recklessly!
You are too injured to fight recklessly!
You are too injured to fight recklessly!
You are too injured to fight recklessly!
You are too injured to fight recklessly!
You are too injured to fight recklessly!
You slash the ogre!
The ogre is moderately wounded.
You barely miss the adder. You block the adder's attack. x2
The ogre closely misses you.
You slash the ogre!
The ogre is severely wounded.
You hit the adder. You block the adder's attack.
The ogre hits you with a +0 giant club!!
You hit the ogre but do no damage.
The ogre is severely wounded.
You hit the adder.
You kill the adder!
You hit the ogre.
The ogre is severely wounded.
The ogre hits you with a +0 giant club!!
You die...

####............#.####
#.##.#..###.......#
#.##.#..###..#.##.#
#.##...........##.##
#.####.............###
#.###...###...##......
#...............#..##.
#####.†.#####.##.#....
#@..# ........##.
#†O.# .#####.#.##.
#.........#.......
#...##.##......##.
..... .......#.##.
.........#...#.†..
.............#.†8.
##.........#>##....
#####...8...


You could see an ogre.

Vanquished Creatures
  An ogre (D:4)
  2 phantoms (D:4)
  A scorpion (D:4)
  A howler monkey (D:4)
  A centaur skeleton (D:4)
  2 worker ants (D:4)
  2 orc wizards (D:3)
  A howler monkey zombie (D:3)
  A gnoll (D:3)
  5 adders
  2 oozes (D:2)
  2 adder skeletons
  2 worms
  4 dart slugs
  4 leopard geckos
  5 orcs
  4 bats
  6 giant cockroaches
  2 gnoll zombies (D:3)
  A hobgoblin (D:1)
  7 jackals
  A quokka (D:4)
  A ball python (D:3)
  5 frilled lizards
  6 goblins
  7 kobolds
  11 rats
87 creatures vanquished.

Notes
Turn   | Place    | Note
-------+----------+-------------------------------------------
     0 | D:1      | kae the Hill Orc Fighter began the quest for the Orb.
     0 | D:1      | Reached XP level 1. HP: 19/19 MP: 1/1
    32 | D:1      | Reached skill level 3 in Axes
   223 | D:1      | Reached XP level 2. HP: 27/27 MP: 2/2
   353 | D:1      | Reached skill level 4 in Axes
   428 | D:1      | Reached XP level 3. HP: 28/33 MP: 3/3
   986 | D:2      | Found an ancient bone altar of Kikubaaqudgha.
  1057 | D:2      | Found a hide-covered altar of Uskayaw.
  1075 | D:2      | Found a snail-covered altar of Cheibriados.
  1355 | D:2      | Found a sacrificial altar of Ru.
  1449 | D:3      | Reached XP level 4. HP: 39/41 MP: 4/4
  1549 | D:3      | Reached skill level 5 in Axes
  1783 | D:3      | Reached XP level 5. HP: 32/47 MP: 5/5
  2009 | D:3      | Reached skill level 5 in Fighting
  2009 | D:3      | Reached skill level 6 in Axes
  2770 | D:3      | Found a basalt altar of Yredelemnul.
  2807 | D:4      | Noticed a phantom
  2835 | D:4      | Killed a phantom
  2836 | D:4      | Reached skill level 7 in Axes
  2836 | D:4      | Reached XP level 6. HP: 6/56 MP: 6/6
  3471 | D:4      | Reached skill level 8 in Axes
  3471 | D:4      | Reached XP level 7. HP: 59/63 MP: 7/7
  3763 | D:4      | Slain by an ogre

Illustrated notes

Levels and vault maps discovered:
D:1:      lightli_iron_boxes, layout_rooms, minmay_misc_feat_tiny,
          chequers_serial_rivers_small_3
D:2:      layout_loops_ring, cheibriados_altar_1, lemuel_doored_altar,
          nicolae_overflow_crystal_walls, dk_noncrumbling_3,
          nicolae_ru_path_of_blood
D:3:      layout_basic, lemuel_zombie_altar_yredelemnul,
          minmay_increasing_density
D:4:      layout_loops_cross, general_overflow_altar, dk_vineyard_3,
          grunt_ministairs_2, minmay_cupped

Skill      XL: |  1  2  3  4  5  6 |
---------------+-------------------+-----
Axes           | 3 4 5 7 8 |  8.8
Fighting       | 4 5 6 |  6.4
Armour         | |  3.2
Shields        | |  3.2

Action                   |  1- 3 |  4- 6 |  7- 9 || total
-------------------------+-------+-------+-------++-------
Melee: War axe           |    80 |   178 |    25 ||   283
  Use: Potion            |       |     1 |       ||     1
Armor: Scale mail        |    49 |    91 |     9 ||   149
Dodge: Dodged            |    30 |    62 |     7 ||    99
Block: Kite shield       |    49 |   112 |    10 ||   171

Table legend: (Time is in decaauts)
 A = Elapsed time spent in this place.
 B = Non-inter-level travel time spent in this place.
 C = Inter-level travel time spent in this place.
 D = Time resting spent in this place.
 E = Time spent auto-exploring this place.
 F = Levels seen in this place.
 G = Mean time per level.
                   A        B        C        D        E       F      G
               +--------+--------+--------+--------+--------+-----+--------+
         Total |   3892 |   3744 |    148 |    510 |   2564 |   4 |  973.0 |
       Dungeon |   3892 |   3744 |    148 |    510 |   2564 |   4 |  973.0 |
               +--------+--------+--------+--------+--------+-----+--------+

Top non-repeatable levels by time:
     D:3: 1588 daAuts
     D:4: 821 daAuts
     D:2: 793 daAuts
     D:1: 689 daAuts
